 Dungeon Crawl Stone Soup version 0.23-a0-448-g1c01f63 (webtiles) character file.

3250 scornbiann the Summoner (level 9, -4/57 HPs)
             Began as a Barachi Summoner on Nov 19, 2018.
             Was an Initiate of Ru.
             Slain by a dream sheep (23 damage)
             ... on level 8 of the Dungeon on Nov 20, 2018.
             The game lasted 00:37:25 (10527 turns).

scornbiann the Summoner (Barachi Summoner)         Turns: 10527, Time: 00:37:25

Health: -4/57      AC:  8    Str:  9    XL:     9   Next: 99%
Magic:  5/21       EV: 12    Int: 20    God:    Ru [......]
Gold:   387        SH:  0    Dex: 12    Spells: 6/25 levels left

rFire    + . .     SeeInvis .   p - +3 spear (venom)
rCold    + + .     Gourm    .   (no shield)
rNeg     . . .     Faith    .   a - +1 robe
rPois    .         Spirit   .   s - +0 helmet
rElec    .         Reflect  .   g - scarf {rC+ rF+}
rCorr    .         Harm     .   r - +0 pair of gloves
MR       .....                  (no boots)
Stlth    ++........             (no amulet)
HPRegen  0.19/turn              l - +3 ring of protection
MPRegen  0.17/turn              m - ring of protection from cold

@: sleeping, can't hop, slow
A: +LOS, swims, slowness 1, strong legs 1
a: Hop, Renounce Religion


You were on level 8 of the Dungeon.
You worshipped Ru.
Ru was noncommittal.
You were not hungry.

You visited 2 branches of the dungeon, and saw 9 of its levels.

You collected 387 gold pieces.

Inventory:

Hand Weapons
 i - a +1 short sword
 o - a +0 dagger of speed
 p - a +3 spear of venom (weapon)
 u - a +2 quarterstaff of chaos
Missiles
 b - 9 tomahawks (quivered)
 k - a throwing net
Armour
 a - a +1 robe (worn)
 g - a scarf of resistance (worn)
 r - a +0 pair of gloves (worn)
 s - a +0 helmet (worn)
 w - a +0 cloak
Jewellery
 h - a +2 ring of strength
 l - a +3 ring of protection (left hand)
 m - a ring of protection from cold (right hand)
 x - an uncursed ring of resist corrosion
Scrolls
 j - 2 scrolls of teleportation
 y - a scroll of immolation {unknown}
 z - a scroll of identify
 C - 3 scrolls of remove curse
 D - a scroll of summoning {unknown}
Potions
 d - 2 potions of flight
 e - a potion of ambrosia
 f - 2 potions of invisibility
 n - a potion of haste
 q - 2 potions of cancellation
 t - a potion of agility {unknown}
 v - 2 potions of curing {unknown}
 A - a potion of resistance
 B - 2 potions of lignification
 E - 2 potions of heal wounds
Comestibles
 c - 18 rations


   Skills:
 - Level 2.1 Dodging
 - Level 1.7 Stealth
 + Level 8.6 Spellcasting
 * Level 13.4 Summonings


You had 6 spell levels left.
You knew the following spells:

 Your Spells              Type           Power        Failure   Level  Hunger
a - Summon Small Mammal   Summ           ####         1%          1    None
b - Call Imp              Summ           ######..     1%          2    None
c - Call Canine Familiar  Summ           ######..     1%          3    None
d - Summon Guardian Gole  Hex/Summ       #####...     1%          3    None
e - Summon Ice Beast      Ice/Summ       #####...     4%          4    ###....
f - Summon Lightning Spi  Summ/Air       #####...     4%          4    ###....
g - Blink                 Tloc           N/A          12%         2    None

Your spell library contained the following spells:

 Spells                   Type           Power        Failure   Level  Hunger
 Magic Dart               Conj           #...         9%          1    None
 Sting                    Conj/Pois      #...         9%          1    None
 Poisonous Vapours        Pois/Air       #.....       12%         2    None
 Slow                     Hex            #.......     12%         2    None
 Conjure Flame            Conj/Fire      #.......     24%         3    None
 Mephitic Cloud           Conj/Pois/Air  #.......     24%         3    None
 Olgreb's Toxic Radiance  Pois           #.......     63%         4    ###....
 Venom Bolt               Conj/Pois      #.........   92%         5    #####..


Dungeon Overview and Level Annotations

Branches:
Dungeon (8/15)             Temple (1/1) D:4
   Lair: D:8-11

Altars:
Dithmenos
Elyvilon
Gozag
Hepliaklqana
Nemelex Xobeh
Qazlal
Ru
Trog
The Shining One

Shops:
D:5 :   D:6 (

Annotations:
D:5 3 runed doors, doggme's ghost, novice VSFi


Innate Abilities, Weirdness & Mutations

Shadows flee at your approach. (+LOS)
You can swim through water.
You cover ground slowly.
You can hop short distances.


Message History

Your wolf bites the yak.
Your wolf barely misses the yak.
The dream sheep bites your guardian golem.
The yak gores your guardian golem.
Your wolf closely misses the yak.
The dream sheep ruffles its wool and motes of dream dust sparkle, to no effect.
Your wolf bites the yak.
The yak gores your guardian golem!!
Your guardian golem is destroyed!
Casting: Summon Lightning Spire (safe; 5% risk of failure)
Confirm with . or Enter, or press ? or * to list all spells.
A guardian golem appears, shielding your allies.
Your wolf barely misses the yak.
The dream sheep shake their wool and sparkle.
You feel drowsy...
You fall asleep.
Your wolf bites the yak!
The yak dies!
Your wolf bites the dream sheep!
Your wolf bites the dream sheep.
Your wolf barely misses the dream sheep.
The dream sheep bites you!!
You die...

#.....#..##.).#
#.####..
#.....#..##...#####.#
##
###.#....#....#..##.#
#.(#............#..#
#######.###.##.........
%.#.%...#..##..#......
%.'..%.≈#.....(.......
..'.P%..#..h8.........
Y.'....≈(.##Y@..##...#
..#.....#..)Y...#
+##P≈P.≈#.......##..
#≈≈≈≈P##..........
+.P≈PP #.........#
###### ####.#...##
#####.# ##


You could see 2 dream sheep, a friendly guardian golem and a friendly wolf.

Vanquished Creatures
  Prince Ribbit (D:7)
  A hippogriff (D:8)
  A yak (D:8)
  An orc warrior (D:6)
  2 ice beasts
  3 sky beasts
  A centaur (D:7)
  A big kobold (D:8)
  2 bullfrogs (D:8)
  2 crimson imps (D:5)
  2 bullfrog zombies (D:6)
  A centaur zombie (D:4)
  2 hounds
  2 orc wizards
  2 orc priests
  2 worker ants
  A hound zombie (D:7)
  A worker ant zombie (D:5)
  2 adders
  2 adder skeletons
  A dart slug (D:4)
  6 leopard geckos
  7 orcs
  4 giant cockroaches
  A goblin (shapeshifter) (D:6)
  2 goblins (D:3)
  A quokka (D:4)
  8 bats
  3 frilled lizards
  A kobold (D:1)
  3 rats
69 creatures vanquished.

Vanquished Creatures (collateral kills)
  Harold (D:8)
  A yak (D:8)
  A water moccasin (D:8)
  A sky beast (D:7)
  An ice beast (D:7)
  2 orc warriors (D:8)
  A black bear (D:7)
  A hornet zombie (D:7)
  5 ogres
  3 centaurs (D:5)
  A big kobold (D:8)
  3 bullfrogs
  2 scorpions
  3 killer bees (D:8)
  A howler monkey (D:6)
  2 crimson imps (D:5)
  A centaur zombie (D:5)
  2 hounds
  2 orc priests
  Crazy Yiuf (D:3)
  A centaur skeleton (D:4)
  Jessica (D:3)
  An iguana (D:4)
  3 orc wizards
  2 worker ants (D:5)
  2 hound zombies
  A hound skeleton (D:8)
  Robin (D:3)
  3 gnolls (D:7)
  9 adders
  3 shadow imps
  An ooze (D:3)
  2 worms
  3 dart slugs
  5 leopard geckos
  20 orcs
  2 bats
  2 giant cockroaches
  7 goblins
  4 hobgoblins
  2 kobolds (D:1)
  2 frilled lizards
  2 rats (D:1)
114 creatures vanquished.

Grand Total: 183 creatures vanquished

Notes
Turn   | Place    | Note
-------+----------+-------------------------------------------
     0 | D:1      | scornbiann the Barachi Summoner began the quest for the
                  | Orb.
     0 | D:1      | Reached XP level 1. HP: 13/13 MP: 3/3
    61 | D:1      | Reached skill level 5 in Summonings
   205 | D:1      | Reached XP level 2. HP: 19/19 MP: 1/5
   209 | D:1      | Learned a level 2 spell: Call Imp
  1472 | D:1      | Reached XP level 3. HP: 16/24 MP: 6/6
  1637 | D:2      | Learned a level 3 spell: Call Canine Familiar
  2329 | D:3      | Reached skill level 6 in Summonings
  2329 | D:3      | Reached XP level 4. HP: 30/30 MP: 2/8
  2379 | D:3      | Noticed Jessica
  2387 | D:3      | Killed Jessica
  2489 | D:3      | Learned a level 3 spell: Summon Guardian Golem
  2823 | D:3      | Noticed Robin
  2837 | D:3      | Killed Robin
  2849 | D:3      | Reached XP level 5. HP: 35/35 MP: 6/10
  3800 | D:3      | Found a runed door.
  3804 | D:3      | Noticed Crazy Yiuf
  3813 | D:3      | Killed Crazy Yiuf
  4304 | D:4      | Reached skill level 7 in Summonings
  4456 | D:4      | Reached XP level 6. HP: 14/41 MP: 4/12
  5524 | D:4      | Found a staircase to the Ecumenical Temple.
  5540 | Temple   | Entered the Ecumenical Temple
  5550 | Temple   | Became a worshipper of Ru the Awakened
  5850 | D:5      | Entered Level 5 of the Dungeon
  5878 | D:5      | Reached skill level 8 in Summonings
  5899 | D:5      | Reached XP level 7. HP: 46/46 MP: 3/14
  6075 | D:5      | Found Qiasytza's Book Shop.
  6110 | D:5      | Reached skill level 5 in Spellcasting
  6328 | D:5      | Reached skill level 9 in Summonings
  6334 | D:5      | Learned a level 4 spell: Summon Ice Beast
  6491 | D:5      | Noticed doggme's ghost (novice VSFi)
  6493 | D:5      | Noticed a hippogriff
  6501 | D:5      | Found a runed gate.
  6501 | D:5      | Found a runed gate.
  6612 | D:5      | Found a runed gate.
  6625 | D:5      | Reached XP level 8. HP: 23/52 MP: 10/16
  7084 | D:5      | Reached skill level 10 in Summonings
  7110 | D:5      | Learned a level 4 spell: Summon Lightning Spire
  7113 | D:5      | Learned a level 2 spell: Blink
  7882 | D:6      | Found Durrid Gerr's Antique Weapon Shoppe.
  8416 | D:7      | Reached skill level 11 in Summonings
  8481 | D:7      | Found a stormy altar of Qazlal.
  8605 | D:7      | Noticed Prince Ribbit
  8619 | D:7      | Killed Prince Ribbit
  9005 | D:7      | Reached XP level 9. HP: 57/57 MP: 12/19
  9576 | D:8      | Reached skill level 12 in Summonings
  9849 | D:8      | Noticed Harold
  9862 | D:8      | Killed Harold
 10237 | D:8      | Reached skill level 13 in Summonings
 10527 | D:8      | Slain by a dream sheep

Vault maps used:
D:1:      matt_arrival_grand_opening
D:3:      uniq_robin, uniq_crazy_yiuf_cottage, uniq_jessica
D:4:      minmay_temple_entry_mist, first_ration
D:5:      gammafunk_ghost_split, serial_shops,
          nicolae_shop_temple_entry_statues_fountains
D:6:      serial_shops, kennysheep_mini
D:7:      basic_altar, uniq_prince_ribbit1
D:8:      hangedman_ranch, uniq_harold
Temple:   nicolae_temple_the_god_donut

Skill      XL: |  1  2  3  4  5  6  7  8  9 |
---------------+----------------------------+-----
Summonings     | 5 6 7 8 9 11 13 | 13.4
Spellcasting   | 3 4 5 7 8 |  8.6
Dodging        | |  2.1
Stealth        | |  1.7

Action                   |  1- 3 |  4- 6 |  7- 9 || total
-------------------------+-------+-------+-------++-------
Melee: Unarmed           |    26 |       |       ||    26
       Short sword       |    39 |    56 |       ||    95
       Dagger            |       |    54 |       ||    54
       Quarterstaff      |       |    73 |   118 ||   191
       Spear             |       |       |    89 ||    89
 Cast: Summon Small Mamm |     9 |       |     1 ||    10
       Call Imp          |    23 |     5 |     6 ||    34
       Call Canine Famil |     1 |    20 |    25 ||    46
       Summon Guardian G |       |     4 |     8 ||    12
       Summon Lightning  |       |       |    17 ||    17
       Blink             |       |       |     2 ||     2
Invok: Reject Sacrifices |       |       |     1 ||     1
 Abil: Hop               |       |     1 |     2 ||     3
  Use: Scroll            |     2 |     3 |    10 ||    15
       Potion            |       |       |     1 ||     1
 Stab: Distracted        |     1 |       |     3 ||     4
       Sleeping          |     1 |     4 |     1 ||     6
       Petrified         |       |     7 |       ||     7
       Petrifying        |       |     2 |       ||     2
       Paralysed         |       |       |     3 ||     3
  Eat: Chunk             |     5 |    15 |    16 ||    36
       Ration            |       |       |     1 ||     1
Armor: Robe              |    28 |    53 |    53 ||   134
Dodge: Dodged            |    57 |   103 |   131 ||   291

Table legend:
 A = Non-vault XP
 B = Vault XP
 C = Vault XP percentage of total XP
 D = Non-vault monster count
 E = Vault monster count
 F = Vault count percentage of total count
                 A         B        C        D         E       F
            +---------+---------+-------+---------+---------+-------
      Total |    3484 |    1159 |  25.0 |     168 |      15 |   8.2
            +---------+---------+-------+---------+---------+-------
        D:1 |      34 |       0 |   0.0 |      25 |       0 |   0.0
        D:2 |      34 |       0 |   0.0 |       9 |       0 |   0.0
        D:3 |     105 |      58 |  35.6 |      25 |       9 |  26.5
        D:4 |     316 |       0 |   0.0 |      20 |       0 |   0.0
        D:5 |    1002 |       0 |   0.0 |      25 |       0 |   0.0
        D:6 |     280 |       0 |   0.0 |      12 |       0 |   0.0
        D:7 |     615 |     161 |  20.7 |      23 |       1 |   4.2
        D:8 |    1098 |     940 |  46.1 |      29 |       5 |  14.7
            +---------+---------+-------+---------+---------+-------
